Rangers vs Lightning

Created - January 31 2007 at 19:03

Goals
1 2 3 T
Rangers 1 1 0 2
Lightning 1 0 0 1
Shots
1 2 3 T
Rangers 7 20 7 34
Lightning 15 13 10 38

Period #1

1. Lightning , Vincent Lecavalier 11 (Paul Ranger, Mike Modano) at 11:50
2. Rangers , Petr Prucha 8 (Fedor Tyutin, Jeremy Roenick) at 12:16

Penalities :
Sergei Zubov (NYR) for Charging (Double Minor) at 1:51, Fedor Tyutin (NYR) for Charging (Minor) at 5:57, Ryan Craig (TBL) for Tripping (Minor) at 8:58, Aaron Ward (NYR) for Slashing (Double Minor) at 13:14

Period #2

3. Rangers , Fedor Tyutin 3 (Petr Prucha) at 11:06

Penalities :
Sergei Zubov (NYR) for Holding (Minor) at 0:43, Ed Jovanovski (TBL) for Kneeing (Major) at 3:34, Ed Jovanovski (TBL) for Roughing (Minor) at 14:46

Period #3

No Goal

Penalities :
Michal Rozsival (NYR) for Checking from behind (Major) at 9:50, Evgeny Artyukhin (TBL) for Clipping (Minor) at 14:53, Martin Straka (NYR) for Cross-checking (Minor) at 18:20

Goalie Stats

Henrik Lundqvist (NYR), 37 saves from 38 shots - (0.974), W, 13-7-2, 60:00 minutes
Nikolai Khabibulin (TBL), 32 saves from 34 shots - (0.941), L, 2-6-1, 60:00 minutes

Players Stats

Rangers
Player Name              G  A  P  +/- PIM S  H  SB FO MP 
-----------------------------------------------------------
Aaron Ward               0  0  0   2  4   0  2  2  0  12 
Adam Hall                0  0  0  -1  0   1  0  0  0  5  
Brendan Shanahan         0  0  0   0  0   5  2  0  6  24 
Darius Kasparaitis       0  0  0   0  0   0  0  0  0  11 
Fedor Tyutin             1  1  2   2  2   1  1  1  0  16 
Jaromir Jagr             0  0  0   0  0   8  0  0  3  24 
Jason Ward               0  0  0   2  0   0  0  0  3  11 
Jeremy Roenick           0  1  1   2  0   3  2  0  25 19 
Lee Stempniak            0  0  0  -1  0   0  0  0  0  5  
Marek Malik              0  0  0  -1  0   2  0  1  0  22 
Martin Rucinsky          0  0  0   0  0   1  0  0  0  16 
Martin Straka            0  0  0   0  2   4  0  0  3  20 
Matt Cullen              0  0  0   0  0   1  0  1  18 13 
Michael Nylander         0  0  0  -1  0   1  0  1  38 25 
Michal Rozsival          0  0  0  -1  5   0  1  0  0  23 
Petr Prucha              1  1  2   2  0   6  0  0  1  16 
Sandis Ozolinsh          0  0  0   0  0   0  0  0  0  19 
Sergei Zubov             0  0  0   0  6   1  1  1  0  21 
Lightning
Player Name              G  A  P  +/- PIM S  H  SB FO MP 
-----------------------------------------------------------
Brad Richards            0  0  0   0  0   8  0  0  5  22 
Cory Sarich              0  0  0   0  0   0  0  0  0  3  
Dan Boyle                0  0  0   1  0   3  0  1  0  26 
Ed Jovanovski            0  0  0   0  7   3  0  0  0  17 
Eric Daze                0  0  0  -2  0   2  0  0  1  15 
Evgeny Artyukhin         0  0  0  -2  2   2  0  0  2  13 
Filip Kuba               0  0  0   0  0   0  0  1  0  24 
Martin St-Louis          0  0  0   1  0   1  0  0  1  26 
Mike Modano              0  1  1   1  0   4  0  0  29 22 
Nolan Pratt              0  0  0  -2  0   0  0  4  0  20 
Paul Ranger              0  1  1   1  0   0  0  1  0  21 
Rob DiMaio               0  0  0   0  0   0  0  0  0  3  
Ruslan Fedotenko         0  0  0   0  0   2  1  0  3  17 
Ryan Craig               0  0  0  -2  2   3  0  0  15 13 
Tim Taylor               0  0  0   0  0   0  0  0  3  4  
Tom Poti                 0  0  0  -2  0   0  1  0  0  13 
Vaclav Prospal           0  0  0   0  0   3  0  0  7  22 
Vincent Lecavalier       1  0  1   1  0   7  0  0  31 26 

3 Stars

1 - Henrik Lundqvist (NYR)
2 - Fedor Tyutin (NYR)
3 - Nikolai Khabibulin (TBL)

Power Play

Rangers - 0 on 4 Attempt(s) - 0.00%
Lightning - 0 on 6 Attempt(s) - 0.00%

Penalty Kill

Rangers - 6 on 6 Attempt(s) - 100.00% - Score 0 goal in Penalty Kill
Lightning - 4 on 4 Attempt(s) - 100.00% - Score 0 goal in Penalty Kill

Game Notes

No Game Note

Finance

Level 1 -- Attendance: 4376 (72.03%) -- Ticket Income $437,600.00
Level 2 -- Attendance: 5344 (95.45%) -- Ticket Income $320,640.00
Level 3 -- Attendance: 1766 (64.58%) -- Ticket Income $70,640.00
Level 4 -- Attendance: 1977 (45.44%) -- Ticket Income $69,195.00
Luxury Box -- Attendance: 515 (51.49%) -- Ticket Income $154,500.00
Game was played at the St. Pete Times Forum
Total Attendance: 13978 (70.75%)
Total Ticket Income: $1,146,601.00
Other Expense: $115,474.20
Total Income: $1,031,127.00


Play by Play

Period #1

0:01 of 1st period - Michael Nylander wins face-off versus Brad Richards in neutral zone.
0:18 of 1st period - Shot by Michael Nylander.
0:18 of 1st period - Shot Hit the Post.
0:19 of 1st period - Shot by Sergei Zubov.
0:19 of 1st period - Stopped by Nikolai Khabibulin without a rebound.
0:20 of 1st period - Mike Modano wins face-off versus Matt Cullen in Lightning zone.
0:31 of 1st period - Shot by Vaclav Prospal.
0:31 of 1st period - Stopped by Henrik Lundqvist without a rebound.
0:32 of 1st period - Ryan Craig wins face-off versus Jeremy Roenick in Rangers zone.
0:33 of 1st period - Shot by Eric Daze.
0:33 of 1st period - Stopped by Henrik Lundqvist with a rebound.
0:40 of 1st period - Shot by Jason Ward.
0:40 of 1st period - Shot Blocked by Nolan Pratt.
0:45 of 1st period - Shot by Jeremy Roenick.
0:45 of 1st period - Shot Blocked by Nolan Pratt.
1:03 of 1st period - Petr Prucha is hit by Tom Poti and loses puck.
1:51 of 1st period - Shot by Vincent Lecavalier.
1:51 of 1st period - Stopped by Henrik Lundqvist without a rebound.
1:51 of 1st period - Double Minor Penalty to Sergei Zubov for Charging.
1:52 of 1st period - Mike Modano wins face-off versus Brendan Shanahan in Rangers zone.
1:53 of 1st period - Mike Modano wins face-off versus Michael Nylander in Rangers zone.
2:06 of 1st period - Shot by Jaromir Jagr.
2:06 of 1st period - Stopped by Nikolai Khabibulin without a rebound.
2:07 of 1st period - Michael Nylander wins face-off versus Vincent Lecavalier in Lightning zone.
3:28 of 1st period - Shot by Vaclav Prospal.
3:28 of 1st period - Stopped by Henrik Lundqvist with a rebound.
3:31 of 1st period - Shot by Mike Modano.
3:31 of 1st period - Stopped by Henrik Lundqvist with a rebound.
5:04 of 1st period - Shot by Martin Rucinsky.
5:04 of 1st period - Shot Misses the Net.
5:17 of 1st period - Shot by Brad Richards.
5:17 of 1st period - Shot Misses the Net.
5:20 of 1st period - Shot by Brad Richards.
5:20 of 1st period - Stopped by Henrik Lundqvist without a rebound.
5:21 of 1st period - Michael Nylander wins face-off versus Tim Taylor in Rangers zone.
5:44 of 1st period - Shot by Tim Taylor.
5:44 of 1st period - Shot Blocked by Matt Cullen.
5:52 of 1st period - Tim Taylor is hit by Aaron Ward and loses puck.
5:57 of 1st period - Minor Penalty to Fedor Tyutin for Charging.
5:58 of 1st period - Vincent Lecavalier wins face-off versus Jaromir Jagr in neutral zone.
7:39 of 1st period - Shot by Tim Taylor.
7:39 of 1st period - Stopped by Henrik Lundqvist without a rebound.
7:40 of 1st period - Tim Taylor wins face-off versus Jeremy Roenick in Rangers zone.
8:08 of 1st period - Icing by Tom Poti.
8:09 of 1st period - Ryan Craig wins face-off versus Jaromir Jagr in Lightning zone.
8:29 of 1st period - Eric Daze is hit by Aaron Ward and loses puck.
8:55 of 1st period - Shot by Martin Straka.
8:55 of 1st period - Stopped by Nikolai Khabibulin with a rebound.
8:58 of 1st period - Shot by Matt Cullen.
8:58 of 1st period - Stopped by Nikolai Khabibulin without a rebound.
8:58 of 1st period - Minor Penalty to Ryan Craig for Tripping.
8:59 of 1st period - Mike Modano wins face-off versus Michael Nylander in Lightning zone.
9:00 of 1st period - Michael Nylander wins face-off versus Mike Modano in Lightning zone.
10:49 of 1st period - Shot by Brendan Shanahan.
10:49 of 1st period - Stopped by Nikolai Khabibulin without a rebound.
10:50 of 1st period - Mike Modano wins face-off versus Jeremy Roenick in Lightning zone.
10:56 of 1st period - Icing by Michal Rozsival.
10:57 of 1st period - Mike Modano wins face-off versus Jeremy Roenick in Rangers zone.
11:18 of 1st period - Shot by Ryan Craig.
11:18 of 1st period - Stopped by Henrik Lundqvist with a rebound.
11:20 of 1st period - Icing by Michael Nylander.
11:21 of 1st period - Vincent Lecavalier wins face-off versus Michael Nylander in Rangers zone.
11:50 of 1st period - Shot by Vincent Lecavalier.
11:50 of 1st period - Goal by Vincent Lecavalier.
11:51 of 1st period - Mike Modano wins face-off versus Jeremy Roenick in neutral zone.
11:58 of 1st period - Shot by Mike Modano.
11:58 of 1st period - Shot Misses the Net.
11:59 of 1st period - Shot by Ed Jovanovski.
11:59 of 1st period - Stopped by Henrik Lundqvist without a rebound.
12:00 of 1st period - Jeremy Roenick wins face-off versus Ryan Craig in Rangers zone.
12:13 of 1st period - Shot by Jeremy Roenick.
12:13 of 1st period - Shot Misses the Net.
12:16 of 1st period - Shot by Petr Prucha.
12:16 of 1st period - Goal by Petr Prucha.
12:17 of 1st period - Matt Cullen wins face-off versus Vincent Lecavalier in neutral zone.
12:47 of 1st period - Icing by Filip Kuba.
12:48 of 1st period - Vincent Lecavalier wins face-off versus Jeremy Roenick in Lightning zone.
13:00 of 1st period - Icing by Aaron Ward.
13:01 of 1st period - Mike Modano wins face-off versus Jeremy Roenick in Rangers zone.
13:01 of 1st period - Ruslan Fedotenko is hit by Jeremy Roenick and loses puck.
13:14 of 1st period - Double Minor Penalty to Aaron Ward for Slashing.
13:15 of 1st period - Michael Nylander wins face-off versus Ruslan Fedotenko in Rangers zone.
13:26 of 1st period - Shot by Ruslan Fedotenko.
13:26 of 1st period - Shot Blocked by Michael Nylander.
13:31 of 1st period - Shot by Mike Modano.
13:31 of 1st period - Stopped by Henrik Lundqvist without a rebound.
13:32 of 1st period - Jeremy Roenick wins face-off versus Vincent Lecavalier in Rangers zone.
13:48 of 1st period - Off-side.
13:49 of 1st period - Michael Nylander wins face-off versus Mike Modano in neutral zone.
15:07 of 1st period - Icing by Dan Boyle.
15:08 of 1st period - Jeremy Roenick wins face-off versus Vincent Lecavalier in Lightning zone.
15:22 of 1st period - Icing by Filip Kuba.
15:23 of 1st period - Vincent Lecavalier wins face-off versus Jeremy Roenick in Lightning zone.
15:48 of 1st period - Shot by Mike Modano.
15:48 of 1st period - Stopped by Henrik Lundqvist without a rebound.
15:49 of 1st period - Michael Nylander wins face-off versus Mike Modano in Rangers zone.
16:00 of 1st period - Shot by Mike Modano.
16:00 of 1st period - Shot Misses the Net.
16:03 of 1st period - Shot by Vaclav Prospal.
16:03 of 1st period - Stopped by Henrik Lundqvist without a rebound.
16:04 of 1st period - Vincent Lecavalier wins face-off versus Michael Nylander in Rangers zone.
16:21 of 1st period - Shot by Michael Nylander.
16:21 of 1st period - Shot Misses the Net.
17:36 of 1st period - Shot by Petr Prucha.
17:36 of 1st period - Shot Misses the Net.
17:39 of 1st period - Shot by Jeremy Roenick.
17:39 of 1st period - Stopped by Nikolai Khabibulin with a rebound.
18:49 of 1st period - Icing by Matt Cullen.
18:50 of 1st period - Ryan Craig wins face-off versus Matt Cullen in Rangers zone.
18:53 of 1st period - Shot by Ryan Craig.
18:53 of 1st period - Stopped by Henrik Lundqvist without a rebound.
18:54 of 1st period - Eric Daze wins face-off versus Michael Nylander in Rangers zone.
18:59 of 1st period - Shot by Evgeny Artyukhin.
18:59 of 1st period - Shot Misses the Net.
19:02 of 1st period - Shot by Eric Daze.
19:02 of 1st period - Shot Misses the Net.
19:05 of 1st period - Shot by Ryan Craig.
19:05 of 1st period - Stopped by Henrik Lundqvist without a rebound.
19:06 of 1st period - Michael Nylander wins face-off versus Mike Modano in Rangers zone.

Period #2

0:01 of 2nd period - Vincent Lecavalier wins face-off versus Michael Nylander in neutral zone.
0:43 of 2nd period - Minor Penalty to Sergei Zubov for Holding.
0:44 of 2nd period - Mike Modano wins face-off versus Jeremy Roenick in Rangers zone.
1:40 of 2nd period - Off-side.
1:41 of 2nd period - Brad Richards wins face-off versus Martin Straka in neutral zone.
1:56 of 2nd period - Shot by Brad Richards.
1:56 of 2nd period - Stopped by Henrik Lundqvist without a rebound.
1:57 of 2nd period - Jeremy Roenick wins face-off versus Mike Modano in Rangers zone.
2:05 of 2nd period - Off-side.
2:06 of 2nd period - Jeremy Roenick wins face-off versus Vincent Lecavalier in neutral zone.
2:51 of 2nd period - Shot by Petr Prucha.
2:51 of 2nd period - Stopped by Nikolai Khabibulin without a rebound.
2:52 of 2nd period - Ryan Craig wins face-off versus Jeremy Roenick in Lightning zone.
2:57 of 2nd period - Shot by Jeremy Roenick.
2:57 of 2nd period - Shot Blocked by Nolan Pratt.
3:00 of 2nd period - Shot by Jeremy Roenick.
3:00 of 2nd period - Stopped by Nikolai Khabibulin without a rebound.
3:01 of 2nd period - Matt Cullen wins face-off versus Ruslan Fedotenko in Lightning zone.
3:02 of 2nd period - Shot by Brendan Shanahan.
3:02 of 2nd period - Stopped by Nikolai Khabibulin without a rebound.
3:03 of 2nd period - Mike Modano wins face-off versus Matt Cullen in Lightning zone.
3:16 of 2nd period - Shot by Mike Modano.
3:16 of 2nd period - Shot Misses the Net.
3:32 of 2nd period - Brendan Shanahan is hit by Ruslan Fedotenko and loses puck.
3:34 of 2nd period - Shot by Marek Malik.
3:34 of 2nd period - Stopped by Nikolai Khabibulin with a rebound.
3:34 of 2nd period - Major Penalty to Ed Jovanovski for Kneeing.
3:35 of 2nd period - Brendan Shanahan wins face-off versus Mike Modano in Lightning zone.
3:42 of 2nd period - Shot by Martin Rucinsky.
3:42 of 2nd period - Stopped by Nikolai Khabibulin with a rebound.
3:45 of 2nd period - Shot by Martin Rucinsky.
3:45 of 2nd period - Shot Misses the Net.
3:48 of 2nd period - Shot by Brendan Shanahan.
3:48 of 2nd period - Stopped by Nikolai Khabibulin with a rebound.
3:53 of 2nd period - Shot by Petr Prucha.
3:53 of 2nd period - Stopped by Nikolai Khabibulin with a rebound.
3:54 of 2nd period - Shot by Martin Rucinsky.
3:54 of 2nd period - Stopped by Nikolai Khabibulin with a rebound.
3:59 of 2nd period - Shot by Petr Prucha.
3:59 of 2nd period - Stopped by Nikolai Khabibulin without a rebound.
4:00 of 2nd period - Vaclav Prospal wins face-off versus Michael Nylander in Lightning zone.
4:06 of 2nd period - Icing by Sergei Zubov.
4:07 of 2nd period - Michael Nylander wins face-off versus Vaclav Prospal in Rangers zone.
4:11 of 2nd period - Off-side.
4:12 of 2nd period - Vaclav Prospal wins face-off versus Michael Nylander in neutral zone.
4:21 of 2nd period - Shot by Jaromir Jagr.
4:21 of 2nd period - Shot Misses the Net.
4:24 of 2nd period - Shot by Jaromir Jagr.
4:24 of 2nd period - Shot Misses the Net.
4:25 of 2nd period - Shot by Sandis Ozolinsh.
4:25 of 2nd period - Stopped by Nikolai Khabibulin with a rebound.
4:28 of 2nd period - Shot by Jaromir Jagr.
4:28 of 2nd period - Shot Misses the Net.
4:31 of 2nd period - Shot by Jaromir Jagr.
4:31 of 2nd period - Shot Blocked by Nolan Pratt.
4:34 of 2nd period - Shot by Jaromir Jagr.
4:34 of 2nd period - Stopped by Nikolai Khabibulin without a rebound.
4:35 of 2nd period - Mike Modano wins face-off versus Brendan Shanahan in Lightning zone.
4:41 of 2nd period - Icing by Michal Rozsival.
4:42 of 2nd period - Brendan Shanahan wins face-off versus Vaclav Prospal in Rangers zone.
5:41 of 2nd period - Shot by Jaromir Jagr.
5:41 of 2nd period - Shot Blocked by Paul Ranger.
5:44 of 2nd period - Shot by Martin Straka.
5:44 of 2nd period - Stopped by Nikolai Khabibulin without a rebound.
5:45 of 2nd period - Vaclav Prospal wins face-off versus Michael Nylander in Lightning zone.
6:00 of 2nd period - Shot by Jaromir Jagr.
6:00 of 2nd period - Stopped by Nikolai Khabibulin without a rebound.
6:01 of 2nd period - Mike Modano wins face-off versus Brendan Shanahan in Lightning zone.
8:33 of 2nd period - Icing by Brendan Shanahan.
8:34 of 2nd period - Jason Ward wins face-off versus Evgeny Artyukhin in Rangers zone.
9:17 of 2nd period - Shot by Martin Straka.
9:17 of 2nd period - Stopped by Nikolai Khabibulin without a rebound.
9:18 of 2nd period - Mike Modano wins face-off versus Michael Nylander in Lightning zone.
10:05 of 2nd period - Shot by Martin St-Louis.
10:05 of 2nd period - Stopped by Henrik Lundqvist without a rebound.
10:06 of 2nd period - Vincent Lecavalier wins face-off versus Matt Cullen in Rangers zone.
10:07 of 2nd period - Shot by Brad Richards.
10:07 of 2nd period - Stopped by Henrik Lundqvist without a rebound.
10:08 of 2nd period - Vincent Lecavalier wins face-off versus Matt Cullen in Rangers zone.
10:11 of 2nd period - Shot by Martin St-Louis.
10:11 of 2nd period - Shot Misses the Net.
10:16 of 2nd period - Shot by Vincent Lecavalier.
10:16 of 2nd period - Shot Misses the Net.
10:19 of 2nd period - Shot by Brad Richards.
10:19 of 2nd period - Shot Misses the Net.
10:22 of 2nd period - Shot by Vincent Lecavalier.
10:22 of 2nd period - Shot Misses the Net.
10:25 of 2nd period - Shot by Martin St-Louis.
10:25 of 2nd period - Shot Misses the Net.
10:26 of 2nd period - Shot by Dan Boyle.
10:26 of 2nd period - Shot Misses the Net.
10:29 of 2nd period - Shot by Brad Richards.
10:29 of 2nd period - Stopped by Henrik Lundqvist without a rebound.
10:30 of 2nd period - Jeremy Roenick wins face-off versus Evgeny Artyukhin in Rangers zone.
11:05 of 2nd period - Shot by Petr Prucha.
11:05 of 2nd period - Shot Misses the Net.
11:06 of 2nd period - Shot by Fedor Tyutin.
11:06 of 2nd period - Goal by Fedor Tyutin.
11:07 of 2nd period - Matt Cullen wins face-off versus Vincent Lecavalier in neutral zone.
11:09 of 2nd period - Off-side.
11:10 of 2nd period - Brad Richards wins face-off versus Matt Cullen in neutral zone.
11:15 of 2nd period - Shot by Brad Richards.
11:15 of 2nd period - Shot Blocked by Marek Malik.
11:20 of 2nd period - Shot by Vincent Lecavalier.
11:20 of 2nd period - Shot Misses the Net.
11:21 of 2nd period - Shot by Dan Boyle.
11:21 of 2nd period - Stopped by Henrik Lundqvist without a rebound.
11:22 of 2nd period - Michael Nylander wins face-off versus Mike Modano in Rangers zone.
11:35 of 2nd period - Shot by Michael Nylander.
11:35 of 2nd period - Shot Misses the Net.
11:40 of 2nd period - Shot by Mike Modano.
11:40 of 2nd period - Stopped by Henrik Lundqvist without a rebound.
11:41 of 2nd period - Vincent Lecavalier wins face-off versus Matt Cullen in Rangers zone.
11:51 of 2nd period - Icing by Dan Boyle.
11:52 of 2nd period - Jason Ward wins face-off versus Vincent Lecavalier in Lightning zone.
12:19 of 2nd period - Shot by Martin St-Louis.
12:19 of 2nd period - Shot Blocked by Aaron Ward.
12:24 of 2nd period - Shot by Vincent Lecavalier.
12:24 of 2nd period - Stopped by Henrik Lundqvist without a rebound.
12:25 of 2nd period - Michael Nylander wins face-off versus Mike Modano in Rangers zone.
12:40 of 2nd period - Shot by Ruslan Fedotenko.
12:40 of 2nd period - Shot Misses the Net.
12:41 of 2nd period - Shot by Ed Jovanovski.
12:41 of 2nd period - Stopped by Henrik Lundqvist with a rebound.
12:46 of 2nd period - Shot by Ruslan Fedotenko.
12:46 of 2nd period - Shot Blocked by Sergei Zubov.
12:47 of 2nd period - Shot by Ed Jovanovski.
12:47 of 2nd period - Stopped by Henrik Lundqvist without a rebound.
12:48 of 2nd period - Matt Cullen wins face-off versus Ryan Craig in Rangers zone.
12:57 of 2nd period - Shot by Martin Straka.
12:57 of 2nd period - Stopped by Nikolai Khabibulin with a rebound.
12:58 of 2nd period - Shot by Marek Malik.
12:58 of 2nd period - Stopped by Nikolai Khabibulin without a rebound.
12:59 of 2nd period - Michael Nylander wins face-off versus Ryan Craig in Lightning zone.
13:00 of 2nd period - Shot by Adam Hall.
13:00 of 2nd period - Stopped by Nikolai Khabibulin without a rebound.
13:01 of 2nd period - Martin St-Louis wins face-off versus Matt Cullen in Lightning zone.
13:18 of 2nd period - Shot by Vincent Lecavalier.
13:18 of 2nd period - Stopped by Henrik Lundqvist without a rebound.
13:19 of 2nd period - Michael Nylander wins face-off versus Ryan Craig in Rangers zone.
14:05 of 2nd period - Icing by Nolan Pratt.
14:06 of 2nd period - Matt Cullen wins face-off versus Ryan Craig in Lightning zone.
14:07 of 2nd period - Shot by Brendan Shanahan.
14:07 of 2nd period - Shot Misses the Net.
14:19 of 2nd period - Icing by Marek Malik.
14:20 of 2nd period - Mike Modano wins face-off versus Matt Cullen in Rangers zone.
14:46 of 2nd period - Minor Penalty to Ed Jovanovski for Roughing.
14:47 of 2nd period - Mike Modano wins face-off versus Petr Prucha in Rangers zone.
15:54 of 2nd period - Shot by Martin Straka.
15:54 of 2nd period - Shot Misses the Net.
15:57 of 2nd period - Shot by Jaromir Jagr.
15:57 of 2nd period - Stopped by Nikolai Khabibulin with a rebound.
15:58 of 2nd period - Shot by Sergei Zubov.
15:58 of 2nd period - Shot Misses the Net.
17:11 of 2nd period - Shot by Evgeny Artyukhin.
17:11 of 2nd period - Stopped by Henrik Lundqvist with a rebound.
17:35 of 2nd period - Icing by Sergei Zubov.
17:36 of 2nd period - Michael Nylander wins face-off versus Mike Modano in Rangers zone.
17:43 of 2nd period - Shot by Jaromir Jagr.
17:43 of 2nd period - Stopped by Nikolai Khabibulin without a rebound.
17:44 of 2nd period - Jeremy Roenick wins face-off versus Vincent Lecavalier in Lightning zone.
17:50 of 2nd period - Icing by Filip Kuba.
17:51 of 2nd period - Michael Nylander wins face-off versus Vincent Lecavalier in Lightning zone.
18:06 of 2nd period - Shot by Brad Richards.
18:06 of 2nd period - Stopped by Henrik Lundqvist without a rebound.
18:07 of 2nd period - Mike Modano wins face-off versus Jeremy Roenick in Rangers zone.
18:25 of 2nd period - Icing by Petr Prucha.
18:26 of 2nd period - Vincent Lecavalier wins face-off versus Jeremy Roenick in Rangers zone.
18:31 of 2nd period - Shot by Brad Richards.
18:31 of 2nd period - Stopped by Henrik Lundqvist without a rebound.
18:32 of 2nd period - Vincent Lecavalier wins face-off versus Matt Cullen in Rangers zone.

Period #3

0:01 of 3rd period - Michael Nylander wins face-off versus Vincent Lecavalier in neutral zone.
0:08 of 3rd period - Shot by Martin Rucinsky.
0:08 of 3rd period - Shot Misses the Net.
0:09 of 3rd period - Shot by Michael Nylander.
0:09 of 3rd period - Shot Blocked by Dan Boyle.
0:10 of 3rd period - Shot by Michal Rozsival.
0:10 of 3rd period - Shot Misses the Net.
0:31 of 3rd period - Shot by Jaromir Jagr.
0:31 of 3rd period - Stopped by Nikolai Khabibulin without a rebound.
0:32 of 3rd period - Ruslan Fedotenko wins face-off versus Matt Cullen in Lightning zone.
1:30 of 3rd period - Icing by Fedor Tyutin.
1:31 of 3rd period - Jason Ward wins face-off versus Vincent Lecavalier in Rangers zone.
1:58 of 3rd period - Shot by Martin St-Louis.
1:58 of 3rd period - Shot Misses the Net.
2:03 of 3rd period - Shot by Vincent Lecavalier.
2:03 of 3rd period - Stopped by Henrik Lundqvist without a rebound.
2:04 of 3rd period - Michael Nylander wins face-off versus Ryan Craig in Rangers zone.
2:15 of 3rd period - Shot by Jaromir Jagr.
2:15 of 3rd period - Shot Hit the Post.
2:36 of 3rd period - Shot by Jaromir Jagr.
2:36 of 3rd period - Stopped by Nikolai Khabibulin with a rebound.
2:39 of 3rd period - Shot by Sergei Zubov.
2:39 of 3rd period - Shot Misses the Net.
3:33 of 3rd period - Icing by Marek Malik.
3:34 of 3rd period - Vaclav Prospal wins face-off versus Matt Cullen in Rangers zone.
3:39 of 3rd period - Shot by Mike Modano.
3:39 of 3rd period - Shot Misses the Net.
3:42 of 3rd period - Shot by Paul Ranger.
3:42 of 3rd period - Shot Misses the Net.
3:52 of 3rd period - Icing by Martin Straka.
3:53 of 3rd period - Martin Straka wins face-off versus Ryan Craig in Rangers zone.
4:21 of 3rd period - Ryan Craig is hit by Jeremy Roenick and loses puck.
4:41 of 3rd period - Shot by Petr Prucha.
4:41 of 3rd period - Stopped by Nikolai Khabibulin without a rebound.
4:42 of 3rd period - Vincent Lecavalier wins face-off versus Michael Nylander in Lightning zone.
4:42 of 3rd period - Martin St-Louis is hit by Sergei Zubov and loses puck.
4:47 of 3rd period - Icing by Dan Boyle.
4:48 of 3rd period - Vincent Lecavalier wins face-off versus Michael Nylander in Lightning zone.
5:05 of 3rd period - Shot by Michael Nylander.
5:05 of 3rd period - Shot Misses the Net.
5:09 of 3rd period - Icing by Martin St-Louis.
5:10 of 3rd period - Vincent Lecavalier wins face-off versus Michael Nylander in Lightning zone.
5:10 of 3rd period - Brad Richards is hit by Michal Rozsival and loses puck.
6:08 of 3rd period - Shot by Mike Modano.
6:08 of 3rd period - Shot Blocked by Fedor Tyutin.
6:11 of 3rd period - Shot by Mike Modano.
6:11 of 3rd period - Shot Misses the Net.
6:12 of 3rd period - Shot by Paul Ranger.
6:12 of 3rd period - Shot Blocked by Aaron Ward.
6:13 of 3rd period - Shot by Mike Modano.
6:13 of 3rd period - Stopped by Henrik Lundqvist without a rebound.
6:14 of 3rd period - Matt Cullen wins face-off versus Ryan Craig in Rangers zone.
6:38 of 3rd period - Eric Daze is hit by Brendan Shanahan and loses puck.
7:11 of 3rd period - Icing by Paul Ranger.
7:12 of 3rd period - Mike Modano wins face-off versus Jeremy Roenick in Lightning zone.
7:41 of 3rd period - Shot by Ruslan Fedotenko.
7:41 of 3rd period - Stopped by Henrik Lundqvist without a rebound.
7:42 of 3rd period - Michael Nylander wins face-off versus Vincent Lecavalier in Rangers zone.
8:11 of 3rd period - Shot by Martin Rucinsky.
8:11 of 3rd period - Shot Misses the Net.
8:12 of 3rd period - Shot by Jaromir Jagr.
8:12 of 3rd period - Stopped by Nikolai Khabibulin without a rebound.
8:13 of 3rd period - Jeremy Roenick wins face-off versus Ryan Craig in Lightning zone.
8:40 of 3rd period - Shot by Jason Ward.
8:40 of 3rd period - Shot Misses the Net.
9:50 of 3rd period - Major Penalty to Michal Rozsival for Checking from behind.
9:51 of 3rd period - Vincent Lecavalier wins face-off versus Michael Nylander in neutral zone.
10:49 of 3rd period - Off-side.
10:50 of 3rd period - Martin Straka wins face-off versus Mike Modano in neutral zone.
11:47 of 3rd period - Shot by Brad Richards.
11:47 of 3rd period - Stopped by Henrik Lundqvist with a rebound.
11:50 of 3rd period - Shot by Brad Richards.
11:50 of 3rd period - Stopped by Henrik Lundqvist without a rebound.
11:51 of 3rd period - Vincent Lecavalier wins face-off versus Michael Nylander in Rangers zone.
11:52 of 3rd period - Shot by Brad Richards.
11:52 of 3rd period - Shot Misses the Net.
11:53 of 3rd period - Shot by Brad Richards.
11:53 of 3rd period - Stopped by Henrik Lundqvist without a rebound.
11:54 of 3rd period - Michael Nylander wins face-off versus Vincent Lecavalier in Rangers zone.
12:07 of 3rd period - Shot by Martin St-Louis.
12:07 of 3rd period - Shot Misses the Net.
12:08 of 3rd period - Shot by Dan Boyle.
12:08 of 3rd period - Shot Misses the Net.
12:09 of 3rd period - Shot by Filip Kuba.
12:09 of 3rd period - Shot Misses the Net.
12:10 of 3rd period - Shot by Dan Boyle.
12:10 of 3rd period - Shot Misses the Net.
12:11 of 3rd period - Shot by Dan Boyle.
12:11 of 3rd period - Stopped by Henrik Lundqvist with a rebound.
12:12 of 3rd period - Shot by Dan Boyle.
12:12 of 3rd period - Stopped by Henrik Lundqvist without a rebound.
12:13 of 3rd period - Mike Modano wins face-off versus Jeremy Roenick in Rangers zone.
14:21 of 3rd period - Icing by Cory Sarich.
14:22 of 3rd period - Brad Richards wins face-off versus Michael Nylander in Lightning zone.
14:40 of 3rd period - Off-side.
14:41 of 3rd period - Mike Modano wins face-off versus Jeremy Roenick in neutral zone.
14:53 of 3rd period - Minor Penalty to Evgeny Artyukhin for Clipping.
14:54 of 3rd period - Tim Taylor wins face-off versus Brendan Shanahan in Rangers zone.
15:03 of 3rd period - Shot by Petr Prucha.
15:03 of 3rd period - Shot Blocked by Filip Kuba.
15:06 of 3rd period - Shot by Brendan Shanahan.
15:06 of 3rd period - Stopped by Nikolai Khabibulin without a rebound.
15:07 of 3rd period - Vaclav Prospal wins face-off versus Jaromir Jagr in Lightning zone.
16:58 of 3rd period - Shot by Jeremy Roenick.
16:58 of 3rd period - Stopped by Nikolai Khabibulin without a rebound.
16:59 of 3rd period - Michael Nylander wins face-off versus Ryan Craig in Lightning zone.
17:00 of 3rd period - Shot by Adam Hall.
17:00 of 3rd period - Shot Misses the Net.
17:02 of 3rd period - Icing by Nolan Pratt.
17:03 of 3rd period - Ryan Craig wins face-off versus Michael Nylander in Lightning zone.
17:14 of 3rd period - Shot by Ryan Craig.
17:14 of 3rd period - Stopped by Henrik Lundqvist without a rebound.
17:15 of 3rd period - Vincent Lecavalier wins face-off versus Jeremy Roenick in Rangers zone.
17:17 of 3rd period - Mike Modano is hit by Fedor Tyutin and loses puck.
17:45 of 3rd period - Shot by Petr Prucha.
17:45 of 3rd period - Stopped by Nikolai Khabibulin with a rebound.
18:07 of 3rd period - Evgeny Artyukhin is hit by Brendan Shanahan and loses puck.
18:20 of 3rd period - Minor Penalty to Martin Straka for Cross-checking.
18:21 of 3rd period - Brad Richards wins face-off versus Jeremy Roenick in Rangers zone.
19:08 of 3rd period - Lightning,Nikolai Khabibulin is pulled from the net.
19:28 of 3rd period - Shot by Vincent Lecavalier.
19:28 of 3rd period - Stopped by Henrik Lundqvist without a rebound.
19:29 of 3rd period - Vincent Lecavalier wins face-off versus Michael Nylander in Rangers zone.


Output by the SimonT Hockey Simulator (STHS) for Stephane Roy -- Original Page W3C XHTML 1.0 Valid